 Dungeon Crawl Stone Soup version 0.27-a0-216-g1fbed8a51c (webtiles) character file.

Game seed: 11477995719416157568

11616 HoaS the Cruncher (level 12, -7/84 HPs)
             Began as a Formicid Fighter on Jan 31, 2021.
             Was an Elder of Okawaru.
             Mangled by an eight-headed hydra (10 damage)
             ... on level 12 of the Dungeon.
             The game lasted 00:24:40 (11483 turns).

HoaS the Cruncher (Formicid Fighter)               Turns: 11483, Time: 00:24:41

Health: -7/84      AC: 18    Str: 23    XL:     12   Next: 10%
Magic:  19/19      EV:  7    Int:  8    God:    Okawaru [****..]
Gold:   1388       SH: 12    Dex: 13    Spells: 11/11 levels left

rFire    . . .     SeeInvis +   q - +1 quarterstaff
rCold    . . .     Faith    .   c - +0 kite shield
rNeg     . . .     Spirit   .   p - +0 plate armour
rPois    .         Reflect  .   (helmet unavailable)
rElec    .         Harm     .   f - +0 cloak
rCorr    .         Rampage  .   z - +2 pair of gloves
Will     ++...                  m - +1 pair of boots
Stlth    ..........             (no amulet)
HPRegen  0.24/turn              (no ring)
MPRegen  0.16/turn              d - ring of willpower

@: no status effects
A: permanent stasis, dig shafts and tunnels, four strong arms, antennae 3
a: Dig, Shaft Self, Renounce Religion, Heroism


You were on level 12 of the Dungeon.
You worshipped Okawaru.
Okawaru was greatly pleased with you.
You visited 2 branches of the dungeon, and saw 15 of its levels.

You collected 1388 gold pieces.

Inventory:

Hand Weapons
 e - a +0 arbalest
 q - a +1 quarterstaff (weapon)
 w - a +2 lajatang of electrocution
Missiles
 k - 52 bolts
Armour
 c - a +0 kite shield (worn)
 f - a +0 cloak (worn)
 m - a +1 pair of boots (worn)
 p - a +0 plate armour (worn)
 z - a +2 pair of gloves (worn)
Jewellery
 d - a ring of willpower (right hand)
 o - an uncursed ring of fire
 A - an uncursed ring of protection from fire {unknown}
Wands
 b - a wand of flame (17)
 u - a wand of acid (14) (quivered)
 y - a wand of digging (4)
Scrolls
 h - 7 scrolls of identify
 j - 2 scrolls of fog
 l - 4 scrolls of enchant weapon
 n - 2 scrolls of fear
 r - 2 scrolls of magic mapping
 t - 7 scrolls of remove curse
Potions
 a - 2 potions of curing
 g - 3 potions of flight
 i - 5 potions of attraction
 s - 2 potions of heal wounds
 v - 2 potions of lignification
 x - a potion of mutation


   Skills:
 * Level 4.6 Fighting
 - Level 14.0 Staves
 + Level 4.0 Armour
 + Level 1.5 Dodging
 - Level 9.0 Shields
 - Level 10.0 Invocations


You had 11 spell levels left.
You didn't know any spells.
Your spell library contained the following spells:

 Spells                   Type           Power        Failure   Level
 Animate Skeleton         Necr           0%           100%        1
 Apportation              Tloc           0%           100%        1
 Corona                   Hex            0%           100%        1
 Summon Small Mammal      Summ           0%           100%        1


Dungeon Overview and Level Annotations

Branches:
Dungeon (14/15)            Temple (1/1) D:5            Lair (0/6) D:11
    Orc: D:9-12      Vaults: D:13-14

Altars:
Ashenzari
Cheibriados
Dithmenos
Elyvilon
Fedhas
Gozag
Hepliaklqana
Kikubaaqudgha
Makhleb
Nemelex Xobeh
Okawaru
Qazlal
Ru
Sif Muna
Trog
Uskayaw
Vehumet
Wu Jian
Xom
Yredelemnul
Zin
The Shining One

Annotations:
D:10 2 transporters, Philosophunculist's ghost, novice MiBe


Innate Abilities, Weirdness & Mutations

You cannot be hasted, slowed, berserked, paralysed or teleported.
You can dig through walls and to a lower floor.
Your four strong arms can wield two-handed weapons with a shield.
You have a pair of large antennae on your head. (SInv)


Message History

You block the jelly's attack.
The eight-headed hydra bites you but does no damage.
The eight-headed hydra bites you!
* * * LOW HITPOINT WARNING * * *
The eight-headed hydra bites you but does no damage.
The eight-headed hydra bites you.
* * * LOW HITPOINT WARNING * * *
You block the eight-headed hydra's attack.
The eight-headed hydra bites you.
* * * LOW HITPOINT WARNING * * *
The eight-headed hydra bites you but does no damage. x2
Your plate armour prevents you from hitting the eight-headed hydra.
The eight-headed hydra is almost dead.
You hit the eight-headed hydra.
The eight-headed hydra is almost dead.
The eight-headed hydra barely misses you.
You block the eight-headed hydra's attack. x2
The eight-headed hydra bites you but does no damage.
The eight-headed hydra bites you!
You die...

##################
...............D@#
...............J†#
######.h#######..#
{{{#..#..{.{#..#
{{#..#..{..#..#
#..##'####..#
{{#..#..{..#..#
#..#.....#..#
#..#..{..#..#


You could see an eight-headed hydra and a jelly.

Vanquished Creatures
  A death knight (D:10)
  A centaur warrior (D:10)
  A two-headed ogre (D:10)
  A cyclops (D:6)
  A gargoyle (D:11)
  2 trolls
  The ghost of bmj180 the Conjurer, an amateur DrCj (D:3)
  A hornet (D:13)
  2 wyverns
  Sigmund (D:3)
  5 yaks
  2 wraiths
  A basilisk (D:10)
  A soldier ant (D:10)
  A water moccasin (D:7)
  Duvessa (D:6)
  5 orc warriors
  2 ice beasts (D:7)
  2 sky beasts
  4 black bears
  8 ogres
  2 necrophages
  A phantom (D:10)
  11 centaurs
  A big kobold (D:11)
  10 bullfrogs
  A gnoll sergeant (D:10)
  Dowan (D:6)
  A wyvern skeleton (D:8)
  3 scorpions
  9 killer bees (D:8)
  9 wights
  A centaur zombie (D:5)
  3 jellies
  4 hounds
  6 orc priests
  2 bullfrog skeletons
  A centaur skeleton (D:10)
  2 iguanas
  10 orc wizards
  Natasha (thrice) (D:3)
  5 worker ants
  A killer bee zombie (D:8)
  3 hound skeletons
  Robin (D:3)
  A howler monkey zombie (D:10)
  3 worker ant zombies
  11 adders
  8 gnolls
  9 river rats (D:5)
  A shadow imp (D:5)
  3 white imps
  An ooze (D:5)
  5 worms
  A dart slug (D:1)
  3 leopard geckos
  39 orcs
  A ball python (D:2)
  A bat (D:3)
  6 giant cockroaches
  11 goblins
  9 hobgoblins
  3 jackals (D:6)
  9 quokkas
  4 frilled lizards
  A jackal skeleton (D:5)
  14 kobolds
  A leopard gecko skeleton (D:9)
  A leopard gecko zombie (D:5)
  A quokka zombie (D:5)
  23 rats
305 creatures vanquished.

Vanquished Creatures (others)
  A plant (D:1)
1 creature vanquished.

Grand Total: 306 creatures vanquished

Notes
Turn   | Place    | Note
-------+----------+-------------------------------------------
     0 | D:1      | HoaS the Formicid Fighter began the quest for the Orb.
     0 | D:1      | Reached XP level 1. HP: 18/18 MP: 1/1
    40 | D:1      | Reached XP level 2. HP: 10/24 MP: 2/2
   364 | D:1      | Reached XP level 3. HP: 28/29 MP: 3/3
   407 | D:1      | Reached skill level 3 in Staves
   721 | D:2      | Found a bloodstained altar of Trog.
   802 | D:2      | Found a broken altar of Ashenzari.
   846 | D:2      | Found a stormy altar of Qazlal.
  1059 | D:2      | Reached XP level 4. HP: 34/35 MP: 4/4
  1388 | D:3      | Noticed Robin
  1399 | D:3      | Killed Robin
  1400 | D:3      | Reached skill level 4 in Staves
  1400 | D:3      | Reached XP level 5. HP: 37/41 MP: 5/5
  1643 | D:3      | Noticed Natasha
  1653 | D:3      | Killed Natasha
  1760 | D:3      | Noticed Sigmund
  1802 | D:3      | Killed Sigmund
  1803 | D:3      | Reached skill level 5 in Staves
  1803 | D:3      | Reached skill level 5 in Shields
  1803 | D:3      | Reached XP level 6. HP: 47/47 MP: 6/6
  1850 | D:3      | Noticed bmj180's ghost (amateur DrCj)
  1864 | D:3      | Found a runed translucent gate.
  1868 | D:3      | Found a runed translucent gate.
  1869 | D:3      | Found a runed translucent gate.
  2004 | D:3      | Noticed an ogre
  2144 | D:3      | Noticed Natasha
  2152 | D:3      | Killed Natasha
  2621 | D:4      | Reached XP level 7. HP: 51/52 MP: 7/7
  3080 | D:5      | Entered Level 5 of the Dungeon
  3100 | D:5      | Reached skill level 6 in Staves
  3164 | D:5      | You fall into a shaft and drop 1 floor!
  3489 | D:6      | Found a glowing golden altar of the Shining One.
  3757 | D:6      | Reached skill level 7 in Staves
  3760 | D:6      | Noticed a cyclops
  3763 | D:6      | You fall into a shaft and drop 2 floors!
  3790 | D:8      | Reached XP level 8. HP: 44/58 MP: 8/8
  4116 | D:8      | Reached skill level 8 in Staves
  4190 | D:8      | Identified a scroll of acquirement
  4190 | D:8      | Acquired 618 gold pieces
  4326 | D:8      | Reached XP level 9. HP: 64/64 MP: 9/9
  4340 | D:8      | Reached skill level 9 in Staves
  4988 | D:6      | Reached skill level 10 in Staves
  5002 | D:6      | Noticed Dowan
  5006 | D:6      | Noticed Duvessa
  5033 | D:6      | Killed Duvessa
  5060 | D:6      | Killed Dowan
  5641 | D:5      | Found a staircase to the Ecumenical Temple.
  5648 | Temple   | Entered the Ecumenical Temple
  5908 | D:5      | Reached skill level 11 in Staves
  6047 | D:3      | Noticed Natasha
  6057 | D:3      | Killed Natasha
  6161 | D:3      | Killed bmj180's ghost
  6162 | D:3      | Reached XP level 10. HP: 66/70 MP: 10/10
  6943 | D:5      | Reached skill level 12 in Staves
  7096 | D:6      | Killed a cyclops
  8168 | D:8      | Acquired a +2 lajatang of electrocution
  8187 | D:8      | Found an ancient bone altar of Kikubaaqudgha.
  8188 | D:8      | Found a blossoming altar of Fedhas.
  8338 | D:8      | Reached skill level 13 in Staves
  8561 | D:8      | Found a hazy altar of Hepliaklqana.
  8891 | D:9      | Found an iron altar of Okawaru.
  8933 | D:9      | Found a hide-covered altar of Uskayaw.
  8935 | D:9      | Found a burning altar of Makhleb.
  8938 | D:9      | Became a worshipper of Warmaster Okawaru
  8999 | D:9      | Reached skill level 1 in Invocations
  9501 | D:10     | Entered Level 10 of the Dungeon
  9501 | D:10     | Noticed a centaur warrior
  9509 | D:10     | Killed a centaur warrior
  9509 | D:10     | Reached * piety under Okawaru
  9510 | D:10     | Reached XP level 11. HP: 60/75 MP: 11/13
  9576 | D:10     | Noticed a two-headed ogre
  9587 | D:10     | Killed a two-headed ogre
  9602 | D:10     | Reached skill level 14 in Staves
  9663 | D:10     | Reached skill level 5 in Invocations
  9695 | D:10     | Found a transporter.
  9696 | D:10     | Noticed Philosophunculist's ghost (novice MiBe)
  9697 | D:10     | Found a transporter.
  9698 | D:10     | Identified the +11 dire flail "Vuz Isithuism" {venom, +Rage
                  | rC+ MP-9 Int+4}
  9698 | D:10     | Noticed a two-headed ogre
  9909 | D:10     | Reached ** piety under Okawaru
 10540 | D:11     | Noticed a death knight
 10582 | D:10     | Killed a death knight
 11039 | D:11     | Reached *** piety under Okawaru
 11049 | D:11     | Found a staircase to the Lair.
 11121 | D:11     | You fall into a shaft and drop 3 floors!
 11241 | D:12     | Noticed a two-headed ogre
 11440 | D:12     | Reached skill level 10 in Invocations
 11454 | D:12     | Reached XP level 12. HP: 66/83 MP: 17/19
 11460 | D:12     | Reached skill level 1 in Dodging
 11466 | D:12     | Reached **** piety under Okawaru
 11466 | D:12     | Noticed an eight-headed hydra
 11481 | D:12     | HP: 4/84 [eight-headed hydra (5)]
 11483 | D:12     | Mangled by an eight-headed hydra

Illustrated notes

Levels and vault maps discovered:
D:1:      roderic_crop_circles_arrival_small, layout_rooms
D:2:      layout_basic, evilmike_ruin_ashenzari, nicolae_overflow_crystal_walls,
          nicolae_qazlal_general_emergency, kennysheep_generic_room_3
D:3:      layout_basic, gammafunk_ghost_split, uniq_natasha, uniq_sigmund,
          uniq_robin
D:4:      layout_loops_corners
D:5:      lemuel_ratsnest, layout_basic, minmay_temple_entry_hall
D:6:      layout_basic, overflow_temple_1_default, serial_rivers,
          chequers_serial_rivers_large_b, chequers_serial_rivers_small_3,
          chequers_serial_rivers_small_3, chequers_serial_rivers_micro_e,
          chequers_serial_rivers_large_a, chequers_serial_rivers_small_b,
          uniq_duvessa
D:7:      layout_basic, hex_large, chequers_garden
D:8:      layout_basic, grunt_temple_overflow_growth_and_decay,
          lemuel_round_altar
D:9:      layout_basic, nicolae_overflow_hidden_temple
D:10:     layout_basic, gammafunk_ghost_smash, grunt_ministairs_4,
          nicolae_benzene_ring
D:11:     layout_cave_pools, david_lair_generic
D:12:     minmay_isolated_rectangles_in_corner, layout_loops_ring, erik_orc_1,
          nicolae_dithmenos_the_darkroom
D:13:     layout_loops_ring, hangedman_vaults_entry_quadrant_bands, uniq_urug
D:14:     layout_cave_pods, amcnicky_mini_pool_small, special_room
          [special_room_bee], minmay_misc_feat_cross
Temple:   minmay_temple_bridge_abc

Skill      XL: |  1  2  3  4  5  6  7  8  9 10 11 12 |
---------------+-------------------------------------+-----
Shields        | 4 5 6 8 9 |  9.0
Staves         | 3 4 5 7 8 11 13 14 | 14.0
Invocations    | 3 10 | 10.0
Fighting       | 4 |  4.6
Dodging        | 1 |  1.5
Armour         | 4 |  4.0

Action                   |  1- 3 |  4- 6 |  7- 9 | 10-12 || total
-------------------------+-------+-------+-------+-------++-------
Melee: Quarterstaff      |    83 |   142 |   415 |   199 ||   839
       Lajatang          |       |       |       |   314 ||   314
Invok: Heroism           |       |       |       |     2 ||     2
 Abil: Dig               |       |     4 |    10 |    10 ||    24
       Shaft Self        |       |       |     2 |       ||     2
Evoke: Wand              |       |       |       |     1 ||     1
  Use: Scroll            |     6 |     4 |     7 |     6 ||    23
       Potion            |       |       |       |     1 ||     1
Armor: Scale mail        |    21 |    45 |       |       ||    66
       Plate armour      |       |       |   178 |   173 ||   351
Dodge: Dodged            |    19 |    38 |    78 |    92 ||   227
Block: Kite shield       |    24 |    57 |   233 |   238 ||   552

Table legend: (Time is in decaauts)
 A = Elapsed time spent in this place.
 B = Non-inter-level travel time spent in this place.
 C = Inter-level travel time spent in this place.
 D = Time resting spent in this place.
 E = Time spent auto-exploring this place.
 F = Levels seen in this place.
 G = Mean time per level.
                   A        B        C        D        E       F      G
               +--------+--------+--------+--------+--------+-----+--------+
         Total |  11395 |  10681 |    714 |   2468 |   5899 |  15 |  759.7 |
       Dungeon |  11200 |  10509 |    691 |   2468 |   5728 |  14 |  800.0 |
        Temple |    194 |    171 |     23 |      0 |    171 |   1 |  194.0 |
               +--------+--------+--------+--------+--------+-----+--------+

Top non-repeatable levels by time:
     D:6: 1935 daAuts
     D:8: 1501 daAuts
     D:3: 1383 daAuts
    D:10: 1273 daAuts
     D:4: 901 daAuts
     D:5: 891 daAuts
     D:7: 810 daAuts
     D:9: 716 daAuts
     D:1: 680 daAuts
     D:2: 478 daAuts
    D:11: 290 daAuts
    D:12: 206 daAuts
  Temple: 194 daAuts
    D:13: 105 daAuts
    D:14: 25 daAuts
